| TOP OF THE 1ST |
|
Americus Braves batting - Pitching for Kelowna Heat : RHP Mike Zambrano Jr.
|
|
Pitching: RHP Mike Zambrano Jr.
|
|
|
Batting: RHB Ryan Cole
|
0-0: Ball 1-0: Called Strike 1-1: Ground out 6-3 (Groundball, 6, EV 104.4 MPH)
|
|
Batting: RHB Wilson Salgado
|
0-0: Called Strike 0-1: Ball 1-1: Called Strike 1-2: Ball 2-2: DOUBLE (Line Drive, 78XD, EV 102.5 MPH)
|
|
Batting: LHB Garret Mathis
|
0-0: Called Strike 0-1: Foul Ball, location: 2F 0-2: Ball 1-2: Foul Ball, location: 2F 1-2: Ball 2-2: SINGLE (Line Drive, 56D, EV 95.6 MPH) Wilson Salgado to third
|
|
Batting: RHB Ricardo Joya
|
0-0: Ball 1-0: Fly out, F8 (Flyball, 8LD, EV 88.8 MPH) Runner from 3rd tags up, SCORES, throw by CF
|
|
Batting: RHB Alex Guerra
|
0-0: Called Strike 0-1: Called Strike 0-2: Foul Ball, location: 2F 0-2: Strikes out looking
|
| Top of the 1st over - 1 run, 2 hits, 0 errors, 1 left on base; Americus 1 - Kelowna 0 |
| BOTTOM OF THE 1ST |
|
Kelowna Heat batting - Pitching for Americus Braves : LHP Ji-chol Lee
|
|
Pitching: LHP Ji-chol Lee
|
|
|
Batting: RHB Tsugio Yamaguchi
|
0-0: Swinging Strike 0-1: Ball 1-1: Fly out, F8 (Flyball, 8LS, EV 90.0 MPH)
|
|
Batting: RHB Mike Storey
|
0-0: Called Strike 0-1: Fly out, F9 (Flyball, 8RM, EV 92.5 MPH)
|
|
Batting: LHB Oscar Tamayo
|
0-0: Foul Ball, location: 2F 0-1: Foul Ball, location: 2F 0-2: Ball 1-2: Foul Ball, location: 2F 1-2: Fly out, F7 (Flyball, 7, EV 85.0 MPH)
|
| Bottom of the 1st over - 0 runs, 0 hits, 0 errors, 0 left on base; Americus 1 - Kelowna 0 |
| TOP OF THE 2ND |
|
Americus Braves batting - Pitching for Kelowna Heat : RHP Mike Zambrano Jr.
|
|
Batting: RHB Jose Florez
|
0-0: Fly out, F8 (Flyball, 8LD, EV 105.6 MPH)
|
|
Batting: RHB Bart Stevensdick
|
0-0: Ball 1-0: Called Strike 1-1: Foul Ball, location: 2F 1-2: Strikes out looking
|
|
Batting: RHB Juan Barela
|
0-0: Ball 1-0: Fly out, F9 (Line Drive, 89D, EV 93.8 MPH)
|
| Top of the 2nd over - 0 runs, 0 hits, 0 errors, 0 left on base; Americus 1 - Kelowna 0 |
| BOTTOM OF THE 2ND |
|
Kelowna Heat batting - Pitching for Americus Braves : LHP Ji-chol Lee
|
|
Batting: RHB Armando Ramirez
|
0-0: Foul Ball, location: 2F 0-1: Ball 1-1: Ball 2-1: Fly out, F8 (Flyball, 89D, EV 95.6 MPH)
|
|
Batting: LHB Adrian Navarro
|
0-0: Ball 1-0: Foul Ball, location: 2F 1-1: Foul Ball, location: 2F 1-2: Strikes out looking
|
|
Batting: RHB Adrian Franz
|
0-0: Called Strike 0-1: Ground out 6-3 (Groundball, 6, EV 92.5 MPH)
|
| Bottom of the 2nd over - 0 runs, 0 hits, 0 errors, 0 left on base; Americus 1 - Kelowna 0 |
| TOP OF THE 3RD |
|
Americus Braves batting - Pitching for Kelowna Heat : RHP Mike Zambrano Jr.
|
|
Batting: LHB Pappy Sterile
|
0-0: Ball 1-0: Ball 2-0: Swinging Strike 2-1: Called Strike 2-2: Ball 3-2: SINGLE (Groundball, 56, EV 108.8 MPH)
|
|
Batting: RHB Ryan Cole
|
0-0: Ball 1-0: Called Strike Pappy Sterile steals 2nd base 1-1: Swinging Strike 1-2: Ball 2-2: Foul Ball, location: 2F 2-2: Ball 3-2: Fly out, F7 (Flyball, 7D, EV 102.5 MPH) Runner from 2nd tags up, SAFE at 3rd, no throw by LF
|
|
Batting: RHB Wilson Salgado
|
0-0: Called Strike 0-1: Ball 1-1: Fly out, F7 (Flyball, 78S, EV 85.6 MPH)
|
|
Batting: LHB Garret Mathis
|
0-0: Called Strike 0-1: Foul Ball, location: 2F 0-2: Foul Ball, location: 2F 0-2: Foul Ball, location: 2F 0-2: Ball 1-2: SINGLE (Line Drive, 7LS, EV 108.1 MPH) Pappy Sterile scores
|
|
Batting: RHB Ricardo Joya
|
0-0: Swinging Strike 0-1: Ball 1-1: Ball 2-1: Fielders Choice at 2nd, 6-4 (Groundball, 6, EV 108.1 MPH)
|
| Top of the 3rd over - 1 run, 2 hits, 0 errors, 1 left on base; Americus 2 - Kelowna 0 |
| BOTTOM OF THE 3RD |
|
Kelowna Heat batting - Pitching for Americus Braves : LHP Ji-chol Lee
|
|
Batting: RHB Sean Gilbert
|
0-0: Called Strike 0-1: Foul Ball, location: 2F 0-2: Foul Ball, location: 2F 0-2: Ball 1-2: Strikes out swinging
|
|
Batting: RHB Glen Limeburner
|
0-0: Ball 1-0: Ball 2-0: Foul Ball, location: 2F 2-1: Foul Ball, location: 2F 2-2: Strikes out swinging
|
|
Batting: RHB Joe Nelson
|
0-0: Ball 1-0: Foul Ball, location: 2F 1-1: Called Strike 1-2: Ball 2-2: Strikes out swinging
|
| Bottom of the 3rd over - 0 runs, 0 hits, 0 errors, 0 left on base; Americus 2 - Kelowna 0 |
| TOP OF THE 4TH |
|
Americus Braves batting - Pitching for Kelowna Heat : RHP Mike Zambrano Jr.
|
|
Batting: RHB Alex Guerra
|
0-0: Ball 1-0: Ground out 6-3 (Groundball, 6, EV 88.8 MPH)
|
|
Batting: RHB Jose Florez
|
0-0: Ball 1-0: Fly out, F9 (Flyball, 9D, EV 98.1 MPH)
|
|
Batting: RHB Bart Stevensdick
|
0-0: Swinging Strike 0-1: Ball 1-1: Swinging Strike 1-2: Strikes out swinging
|
| Top of the 4th over - 0 runs, 0 hits, 0 errors, 0 left on base; Americus 2 - Kelowna 0 |
| BOTTOM OF THE 4TH |
|
Kelowna Heat batting - Pitching for Americus Braves : LHP Ji-chol Lee
|
|
Batting: RHB Tsugio Yamaguchi
|
0-0: Ball 1-0: Foul Ball, location: 2F 1-1: Fly out, F9 (Line Drive, 9, EV 96.9 MPH)
|
|
Batting: RHB Mike Storey
|
0-0: Ball 1-0: Ground out 6-3 (Groundball, 56D, EV 100.6 MPH)
|
|
Batting: LHB Oscar Tamayo
|
0-0: Called Strike 0-1: Ball 1-1: Foul Ball, location: 2F 1-2: Foul Ball, location: 2F 1-2: Ball 2-2: Ball 3-2: Ground out 6-3 (Groundball, 4M, EV 110.0 MPH)
|
| Bottom of the 4th over - 0 runs, 0 hits, 0 errors, 0 left on base; Americus 2 - Kelowna 0 |
| TOP OF THE 5TH |
|
Americus Braves batting - Pitching for Kelowna Heat : RHP Mike Zambrano Jr.
|
|
Batting: RHB Juan Barela
|
0-0: Ball 1-0: Fly out, F9 (Line Drive, 89M, EV 93.8 MPH)
|
|
Batting: LHB Pappy Sterile
|
0-0: Called Strike 0-1: Ball 1-1: Ball 2-1: Ball 3-1: Foul Ball, location: 2F 3-2: Foul Ball, location: 2F 3-2: Ground out 4-3 (Groundball, 4, EV 98.8 MPH)
|
|
Batting: RHB Ryan Cole
|
0-0: Called Strike 0-1: Swinging Strike 0-2: Foul Ball, location: 2F 0-2: SINGLE (Groundball, 25, EV 68.8 MPH) (infield hit)
|
|
Batting: RHB Wilson Salgado
|
0-0: Ball 1-0: Foul Ball, location: 2F 1-1: Called Strike Ryan Cole steals 2nd, throwing error, E2 Ryan Cole to third 1-2: Strikes out swinging
|
| Top of the 5th over - 0 runs, 1 hit, 1 error, 1 left on base; Americus 2 - Kelowna 0 |
| BOTTOM OF THE 5TH |
|
Kelowna Heat batting - Pitching for Americus Braves : LHP Ji-chol Lee
|
|
Batting: RHB Armando Ramirez
|
0-0: Called Strike 0-1: Foul Ball, location: 2F 0-2: Ball 1-2: Foul Ball, location: 2F 1-2: Ball 2-2: Ground out 6-3 (Groundball, 56, EV 90.0 MPH)
|
|
Batting: LHB Adrian Navarro
|
0-0: Ball 1-0: Foul Ball, location: 2F 1-1: Foul Ball, location: 2F 1-2: Foul Ball, location: 2F 1-2: Ball 2-2: Fly out, F8 (Flyball, 8RD, EV 108.8 MPH)
|
|
Batting: RHB Adrian Franz
|
0-0: Ball 1-0: Foul Ball, location: 2F 1-1: Swinging Strike 1-2: Ground out U3 (Groundball, 3, EV 84.4 MPH)
|
| Bottom of the 5th over - 0 runs, 0 hits, 0 errors, 0 left on base; Americus 2 - Kelowna 0 |
| TOP OF THE 6TH |
|
Americus Braves batting - Pitching for Kelowna Heat : RHP Mike Zambrano Jr.
|
|
Batting: LHB Garret Mathis
|
0-0: Swinging Strike 0-1: Swinging Strike 0-2: Ball 1-2: Strikes out swinging
|
|
Batting: RHB Ricardo Joya
|
0-0: Ball 1-0: Called Strike 1-1: Ball 2-1: Called Strike 2-2: Ball 3-2: Base on Balls
|
|
Batting: RHB Alex Guerra
|
0-0: Foul Ball, location: 2F 0-1: Ball 1-1: Called Strike 1-2: Foul Ball, location: 2F 1-2: Foul Ball, location: 2F 1-2: Foul Ball, location: 2F 1-2: Ball 2-2: Foul Ball, location: 2F 2-2: Ball 3-2: Foul Ball, location: 2F 3-2: Base on Balls Ricardo Joya to second
|
|
Pitching: LHP Ricky Coats
|
|
|
Batting: RHB Jose Florez
|
0-0: Ball 1-0: Fielders Choice at 2nd, 3-6 (Groundball, 3, EV 88.1 MPH) Ricardo Joya to third
|
|
Batting: RHB Bart Stevensdick
|
0-0: Ball 1-0: SINGLE (Groundball, 4, EV 105.0 MPH) Ricardo Joya scores Jose Florez to second Runner from 2nd tries for 3rd, SAFE, throw by RF made to third
|
|
Batting: RHB Juan Barela
|
0-0: Ball 1-0: Swinging Strike 1-1: Ball 2-1: Ball 3-1: Called Strike 3-2: Base on Balls Bart Stevensdick to second
|
|
Batting: LHB Pappy Sterile
|
0-0: Called Strike 0-1: Foul Ball, location: 2F 0-2: Foul Ball, location: 2F 0-2: Strikes out swinging
|
| Top of the 6th over - 1 run, 1 hit, 0 errors, 3 left on base; Americus 3 - Kelowna 0 |
| BOTTOM OF THE 6TH |
|
Kelowna Heat batting - Pitching for Americus Braves : LHP Ji-chol Lee
|
|
Batting: RHB Sean Gilbert
|
0-0: Called Strike 0-1: Foul Ball, location: 2F 0-2: Ball 1-2: Strikes out looking
|
|
Batting: RHB Glen Limeburner
|
0-0: Ball 1-0: Ground out 4-3 (Groundball, 4, EV 80.0 MPH)
|
|
Batting: RHB Joe Nelson
|
0-0: Called Strike 0-1: Called Strike 0-2: SINGLE (Groundball, 6D, EV 106.2 MPH)
|
|
Batting: RHB Tsugio Yamaguchi
|
0-0: Ball 1-0: Foul Ball, location: 2F 1-1: Ball 2-1: Ball 3-1: Foul Ball, location: 2F 3-2: Foul Ball, location: 2F 3-2: Strikes out swinging
|
| Bottom of the 6th over - 0 runs, 1 hit, 0 errors, 1 left on base; Americus 3 - Kelowna 0 |
| TOP OF THE 7TH |
|
Americus Braves batting - Pitching for Kelowna Heat : LHP Ricky Coats
|
|
Batting: RHB Ryan Cole
|
0-0: Ball 1-0: SOLO HOME RUN (Flyball, 7D, EV 98.8 MPH), Distance : 393 ft
|
|
Batting: RHB Wilson Salgado
|
0-0: Ball 1-0: Ball 2-0: Ball 3-0: Base on Balls
|
|
Pitching: RHP Josh Henderson
|
|
|
Batting: LHB Garret Mathis
|
0-0: Ball 1-0: Foul Ball, location: 2F 1-1: Ball 2-1: Ball 3-1: Base on Balls Wilson Salgado to second
|
|
Batting: RHB Ricardo Joya
|
0-0: Ball 1-0: Called Strike 1-1: Ball 2-1: Foul Ball, location: 2F 2-2: Foul Ball, location: 2F 2-2: Ball 3-2: SINGLE (Groundball, 56S, EV 98.8 MPH) Wilson Salgado to third Garret Mathis to second
|
|
Batting: RHB Alex Guerra
|
0-0: SINGLE (Line Drive, 89M, EV 95.0 MPH) Wilson Salgado scores Garret Mathis to third Ricardo Joya to second
|
|
Batting: RHB Jose Florez
|
0-0: Ball 1-0: Foul Ball, location: 2F 1-1: Swinging Strike 1-2: Ball 2-2: Strikes out swinging
|
|
Batting: RHB Bart Stevensdick
|
0-0: Ball 1-0: Grounds into double play, 5-4-3 (Groundball, 56S, EV 86.9 MPH)
|
| Top of the 7th over - 2 runs, 3 hits, 0 errors, 2 left on base; Americus 5 - Kelowna 0 |
| BOTTOM OF THE 7TH |
|
Kelowna Heat batting - Pitching for Americus Braves : LHP Ji-chol Lee
|
|
Batting: RHB Mike Storey
|
0-0: Foul Ball, location: 2F 0-1: Foul Ball, location: 2F 0-2: Ball 1-2: Ball 2-2: Ground out 5-3 (Groundball, 56, EV 83.8 MPH)
|
|
Batting: LHB Oscar Tamayo
|
0-0: Ball 1-0: Ball 2-0: Reached on error, E3 (Groundball, 34, EV 85.0 MPH)
|
|
Batting: RHB Armando Ramirez
|
0-0: Called Strike 0-1: 2-RUN HOME RUN (Flyball, 7D, EV 98.1 MPH), Distance : 374 ft
|
|
Batting: LHB Adrian Navarro
|
0-0: Foul Ball, location: 2F 0-1: Swinging Strike 0-2: Ball 1-2: Ball 2-2: Ball 3-2: SINGLE (Groundball, 6S, EV 71.2 MPH) (infield hit)
|
|
Batting: RHB Adrian Franz
|
0-0: Ball 1-0: Foul Ball, location: 2F 1-1: Ball Adrian Navarro is caught stealing 2nd base 2-4 2-1: SOLO HOME RUN (Flyball, 89XD, EV 106.2 MPH), Distance : 411 ft
|
|
Batting: RHB Sean Gilbert
|
0-0: Called Strike 0-1: Ball 1-1: Ball 2-1: Ball 3-1: Foul Ball, location: 2F 3-2: Base on Balls
|
|
Batting: RHB Glen Limeburner
|
0-0: Called Strike 0-1: Foul Ball, location: 2F 0-2: Ball 1-2: Ball 2-2: Foul Ball, location: 2F 2-2: Foul Ball, location: 2F 2-2: Ball 3-2: Foul Ball, location: 2F 3-2: Foul Ball, location: 2F 3-2: Ground out 4-3 (Groundball, 34S, EV 85.6 MPH)
|
| Bottom of the 7th over - 3 runs, 3 hits, 1 error, 1 left on base; Americus 5 - Kelowna 3 |
| TOP OF THE 8TH |
|
Americus Braves batting - Pitching for Kelowna Heat : RHP Josh Henderson
|
|
Batting: RHB Juan Barela
|
0-0: Ball 1-0: Ball 2-0: Called Strike 2-1: SINGLE (Groundball, 56D, EV 105.6 MPH)
|
|
Batting: LHB Pappy Sterile
|
0-0: Sac Bunt to 2R - play at first, batter OUT! 2-3 Juan Barela to second
|
|
Batting: RHB Ryan Cole
|
0-0: Intentional Walk
|
|
Batting: RHB Wilson Salgado
|
0-0: Ball Wild Pitch! Juan Barela to third Ryan Cole to second 1-0: Ball 2-0: Foul Ball, location: 2F 2-1: Ball 3-1: Base on Balls
|
|
Batting: LHB Garret Mathis
|
0-0: Ball 1-0: Foul Ball, location: 2F 1-1: Swinging Strike 1-2: Fly out, F9 (Flyball, 9LD, EV 90.0 MPH) Runner from 3rd tags up, SCORES, throw by RF Ryan Cole to third
|
|
Batting: RHB Ricardo Joya
|
0-0: Called Strike 0-1: Ball 1-1: Called Strike 1-2: DOUBLE (Groundball, 5L, EV 101.2 MPH) Ryan Cole scores Wilson Salgado to third
|
|
Batting: RHB Alex Guerra
|
0-0: Called Strike 0-1: Ball 1-1: Ball 2-1: Foul Ball, location: 2F 2-2: Ball 3-2: Base on Balls
|
|
Batting: RHB Jose Florez
|
0-0: Ground out 4-3 (Groundball, 4, EV 100.6 MPH)
|
| Top of the 8th over - 2 runs, 2 hits, 0 errors, 3 left on base; Americus 7 - Kelowna 3 |
| BOTTOM OF THE 8TH |
|
Kelowna Heat batting - Pitching for Americus Braves : LHP Ji-chol Lee
|
|
Pitching: RHP Justus Gonzales
|
|
|
Batting: RHB Joe Nelson
|
0-0: Foul Ball, location: 2F 0-1: Foul Ball, location: 2F 0-2: Ball 1-2: Strikes out swinging
|
|
Batting: RHB Tsugio Yamaguchi
|
0-0: Foul Ball, location: 2F 0-1: Foul Ball, location: 2F 0-2: Foul Ball, location: 2F 0-2: Fly out, F8 (Flyball, 8RM, EV 78.1 MPH)
|
|
Batting: RHB Mike Storey
|
0-0: Ground out 6-3 (Groundball, 56, EV 91.9 MPH)
|
| Bottom of the 8th over - 0 runs, 0 hits, 0 errors, 0 left on base; Americus 7 - Kelowna 3 |
| TOP OF THE 9TH |
|
Americus Braves batting - Pitching for Kelowna Heat : RHP Josh Henderson
|
|
Batting: RHB Bart Stevensdick
|
0-0: Ball 1-0: Called Strike 1-1: Foul Ball, location: 2F 1-2: Ball 2-2: Ball 3-2: Foul Ball, location: 2F 3-2: Strikes out looking
|
|
Batting: RHB Juan Barela
|
0-0: Ball 1-0: Ground out 6-3 (Groundball, 6S, EV 68.1 MPH)
|
|
Batting: LHB Pappy Sterile
|
0-0: Ball 1-0: SINGLE (Line Drive, 7S, EV 94.4 MPH)
|
|
Batting: RHB Ryan Cole
|
0-0: Ball Pappy Sterile steals 2nd base 1-0: Foul Ball, location: 2F 1-1: Ball 2-1: 2-RUN HOME RUN (Flyball, 7LD, EV 92.5 MPH), Distance : 335 ft
|
|
Batting: RHB Wilson Salgado
|
0-0: Ground out 4-3 (Groundball, 13, EV 80.0 MPH)
|
| Top of the 9th over - 2 runs, 2 hits, 0 errors, 0 left on base; Americus 9 - Kelowna 3 |
| BOTTOM OF THE 9TH |
|
Kelowna Heat batting - Pitching for Americus Braves : RHP Justus Gonzales
|
|
Batting: LHB Oscar Tamayo
|
0-0: Called Strike 0-1: Ball 1-1: Ball 2-1: Foul Ball, location: 2F 2-2: SINGLE (Line Drive, 89M, EV 101.9 MPH)
|
|
Batting: RHB Armando Ramirez
|
0-0: Ball 1-0: Ball 2-0: Fly out, F4 (Flyball, 34D, EV 83.1 MPH)
|
|
Batting: LHB Adrian Navarro
|
0-0: SINGLE (Flyball, 8LS, EV 91.2 MPH) Oscar Tamayo to second
|
|
Batting: RHB Adrian Franz
|
0-0: Ball 1-0: Foul Ball, location: 2F 1-1: Called Strike 1-2: Ball 2-2: Ball 3-2: Foul Ball, location: 2F 3-2: Foul Ball, location: 2F 3-2: Base on Balls Oscar Tamayo to third Adrian Navarro to second
|
|
Batting: RHB Sean Gilbert
|
0-0: Swinging Strike 0-1: Ball 1-1: Ball 2-1: Called Strike 2-2: Ball 3-2: SINGLE (Line Drive, 8LS, EV 106.9 MPH) Oscar Tamayo scores Adrian Navarro to third Adrian Franz to second
|
|
Batting: RHB Glen Limeburner
|
0-0: Called Strike 0-1: Swinging Strike 0-2: Strikes out swinging
|
|
Batting: RHB Joe Nelson
|
0-0: Ball 1-0: Ground out 6-3 (Groundball, 6S, EV 83.1 MPH)
|
| Bottom of the 9th over - 1 run, 3 hits, 0 errors, 3 left on base; Americus 9 - Kelowna 4 |
|